[ PARTIDA AOE2 · #482677426 ]
UnrankedEspañoles vs Goths
[ ANÁLISIS DE REPETICIÓN · EXTRAÍDO DE LA PARTIDA GRABADA ]
Feudal
14:10
Castillos
24:47
Imperial
—
| APM promedio | 12.7 |
| APM pico | 41 |
| eAPM promedio | 8.4 |
| Aldeanos / militares | 84 / 43 |
Foco
⚔️ 25.2% · 🌾 74.8%
Conquistador ×15 · Archer ×11 · Petard ×4 · Spearman ×4 · Battering Ram ×4 · Scorpion ×3
Feudal
17:34
Castillos
26:00
Imperial
46:18
| APM promedio | 14.0 |
| APM pico | 35 |
| eAPM promedio | 10.6 |
| Aldeanos / militares | 114 / 248 |
Foco
⚔️ 23.8% · 🌾 76.2%
Huskarl ×241 · Militia ×3 · Battering Ram ×3 · Monk ×1
Feudal
13:40
Castillos
31:20
Imperial
48:32
| APM promedio | 10.1 |
| APM pico | 26 |
| eAPM promedio | 8.6 |
| Aldeanos / militares | 92 / 169 |
Foco
⚔️ 34.9% · 🌾 65.1%
Tarkan ×71 · Knight ×47 · Scout Cavalry ×20 · Archer ×15 · Militia ×15 · Fishing Ship ×5
Feudal
19:00
Castillos
28:33
Imperial
—
| APM promedio | 15.3 |
| APM pico | 47 |
| eAPM promedio | 11.1 |
| Aldeanos / militares | 103 / 31 |
Foco
⚔️ 27.6% · 🌾 72.4%
Ballista Elephant ×28 · Mangonel ×3
Mapa de la partida
Recursos iniciales + cada clic de construcción. Líneas = muros · curvas = relieve. ◆ oro · ⬟ piedra · ● bayas · ✦ reliquia · ◌ hueco del cierre
Tu base· ✓ Cerrada en 24:47 · 45t muro · sin puerta
Base de rolca· ✓ Cerrada en 26:00 · 23t muro · 1 puerta(s)
Base de guilleaj· ✓ Cerrada en 31:20 · 116t muro · 5 puerta(s)
Base de Luis· ✓ Cerrada en 28:33 · 81t muro · sin puerta
Terreno inicial suavizado · ◌ = hueco del cierre detectado · pasá el cursor para detalles
Inputs por minuto
— <Jericho 941> - - rolca
Build order — <Jericho 941>
Primeras 150 de 234 acciones detectadas
| 0:21 | Construir | House |
| 0:22 | Investigar | Loom |
| 0:47 | Construir | Palisade Wall |
| 0:54 | Construir | House |
| 0:55 | Crear | Villager (Male) |
| 0:55 | Crear | Villager (Male) |
| 0:55 | Crear | Villager (Male) |
| 0:56 | Crear | Villager (Male) |
| 2:01 | Construir | Palisade Wall |
| 2:20 | Construir | House |
| 2:25 | Crear | Villager (Male) |
| 2:25 | Crear | Villager (Male) |
| 3:11 | Crear | Villager (Male) |
| 3:11 | Crear | Villager (Male) |
| 3:28 | Crear | Villager (Male) |
| 4:12 | Construir | Palisade Wall |
| 4:58 | Crear | Villager (Male) |
| 4:59 | Crear | Villager (Male) |
| 4:59 | Crear | Villager (Male) |
| 4:59 | Crear | Villager (Male) |
| 5:45 | Construir | Palisade Wall |
| 6:26 | Construir | Barracks |
| 7:26 | Construir | House |
| 7:32 | Crear | Villager (Male) |
| 7:32 | Crear | Villager (Male) |
| 8:09 | Construir | House |
| 8:23 | Crear | Villager (Male) |
| 8:23 | Crear | Villager (Male) |
| 8:42 | Crear | Villager (Male) |
| 8:43 | Crear | Villager (Male) |
| 9:15 | Construir | Lumber Camp |
| 10:03 | Crear | Villager (Male) |
| 10:04 | Crear | Villager (Male) |
| 10:35 | Construir | Mill |
| 10:44 | Construir | Mill |
| 11:09 | Crear | Villager (Male) |
| 11:12 | Crear | Villager (Male) |
| 11:23 | Construir | Lumber Camp |
| 12:00 | Investigar | Feudal Age |
| 12:33 | Construir | Mining Camp |
| 13:08 | Construir | Lumber Camp |
| 13:13 | Construir | Farm |
| 14:10 | Edad | Edad Feudal |
| 14:11 | Construir | Mining Camp |
| 14:13 | Crear | Villager (Male) |
| 14:13 | Crear | Villager (Male) |
| 14:16 | Crear | Villager (Male) |
| 14:19 | Investigar | Double-Bit Axe |
| 14:22 | Investigar | Horse Collar |
| 14:35 | Construir | Stone Wall |
| 15:16 | Construir | Market |
| 15:22 | Construir | Blacksmith |
| 15:25 | Crear | Villager (Male) |
| 15:25 | Crear | Villager (Male) |
| 15:42 | Construir | Stone Wall |
| 15:56 | Crear | Villager (Male) |
| 16:15 | Construir | Farm |
| 16:17 | Construir | Farm |
| 16:18 | Construir | Farm |
| 16:19 | Construir | Farm |
| 16:20 | Construir | Farm |
| 17:19 | Construir | Mining Camp |
| 17:24 | Crear | Villager (Male) |
| 17:24 | Crear | Villager (Male) |
| 17:30 | Investigar | Gold Mining |
| 17:31 | Investigar | Stone Mining |
| 17:38 | Investigar | Stone Mining |
| 17:45 | Construir | Farm |
| 17:46 | Construir | Farm |
| 17:54 | Construir | House |
| 17:56 | Construir | House |
| 17:57 | Construir | House |
| 18:54 | Crear | Villager (Male) |
| 18:58 | Construir | Farm |
| 19:10 | Construir | Watch Tower |
| 19:27 | Investigar | Fletching |
| 19:29 | Crear | Villager (Male) |
| 19:29 | Crear | Villager (Male) |
| 19:38 | Construir | Farm |
| 19:39 | Construir | Farm |
| 19:41 | Construir | Farm |
| 19:42 | Construir | Farm |
| 19:43 | Construir | Farm |
| 19:51 | Crear | Villager (Male) |
| 19:55 | Crear | Villager (Male) |
| 21:01 | Construir | Archery Range |
| 21:21 | Construir | Farm |
| 21:24 | Construir | Farm |
| 21:33 | Construir | Watch Tower |
| 22:07 | Investigar | Castle Age |
| 23:25 | Construir | Watch Tower |
| 23:41 | Crear | Archer |
| 23:41 | Crear | Archer |
| 23:55 | Construir | Mining Camp |
| 24:47 | Edad | Edad de los Castillos |
| 25:06 | Crear | Archer |
| 25:07 | Crear | Archer |
| 25:13 | Crear | Villager (Male) |
| 25:13 | Crear | Villager (Male) |
| 25:14 | Crear | Villager (Male) |
| 25:14 | Crear | Villager (Male) |
| 25:14 | Crear | Villager (Male) |
| 25:16 | Crear | Villager (Male) |
| 25:30 | Construir | Town Center |
| 25:36 | Investigar | Bow Saw |
| 25:41 | Investigar | Heavy Plow |
| 25:48 | Investigar | Bodkin Arrow |
| 26:00 | Crear | Archer |
| 26:00 | Crear | Archer |
| 26:44 | Construir | Castle |
| 26:50 | Crear | Villager (Male) |
| 26:50 | Crear | Villager (Male) |
| 27:17 | Crear | Archer |
| 27:17 | Crear | Archer |
| 27:17 | Crear | Archer |
| 27:23 | Crear | Villager (Male) |
| 27:23 | Crear | Villager (Male) |
| 27:23 | Crear | Villager (Male) |
| 27:24 | Crear | Villager (Male) |
| 27:53 | Construir | Town Center |
| 28:26 | Investigar | Wheelbarrow |
| 28:27 | Investigar | Town Watch |
| 28:29 | Crear | Villager (Male) |
| 28:29 | Crear | Villager (Male) |
| 28:38 | Crear | Conquistador |
| 28:38 | Crear | Conquistador |
| 28:39 | Crear | Conquistador |
| 28:53 | Investigar | Stone Shaft Mining |
| 29:02 | Crear | Villager (Male) |
| 29:03 | Crear | Villager (Male) |
| 29:03 | Crear | Villager (Male) |
| 29:03 | Crear | Villager (Male) |
| 29:28 | Crear | Archer |
| 29:28 | Crear | Archer |
| 29:48 | Crear | Villager (Male) |
| 29:48 | Crear | Villager (Male) |
| 29:49 | Crear | Villager (Male) |
| 29:52 | Crear | Villager (Male) |
| 29:52 | Crear | Villager (Male) |
| 29:53 | Crear | Villager (Male) |
| 29:59 | Crear | Conquistador |
| 30:00 | Crear | Conquistador |
| 30:00 | Crear | Conquistador |
| 30:00 | Crear | Conquistador |
| 30:08 | Crear | Villager (Male) |
| 30:52 | Crear | Villager (Male) |
| 30:52 | Crear | Villager (Male) |
| 30:53 | Crear | Villager (Male) |
| 30:56 | Crear | Villager (Male) |
| 31:14 | Construir | Castle |
Build order — rolca
Primeras 150 de 331 acciones detectadas
| 0:01 | Crear | Villager (Male) |
| 0:02 | Crear | Villager (Male) |
| 0:03 | Construir | House |
| 0:05 | Construir | House |
| 0:07 | Investigar | Loom |
| 0:09 | Crear | Villager (Male) |
| 0:09 | Crear | Villager (Male) |
| 0:09 | Crear | Villager (Male) |
| 0:50 | Construir | Palisade Wall |
| 2:37 | Crear | Villager (Male) |
| 3:15 | Crear | Villager (Male) |
| 3:52 | Crear | Villager (Male) |
| 4:14 | Crear | Villager (Male) |
| 4:36 | Crear | Villager (Male) |
| 5:09 | Crear | Villager (Male) |
| 5:34 | Crear | Villager (Male) |
| 5:51 | Crear | Villager (Male) |
| 6:07 | Crear | Villager (Male) |
| 6:48 | Construir | House |
| 7:01 | Crear | Villager (Male) |
| 7:21 | Construir | Mill |
| 7:41 | Crear | Villager (Male) |
| 8:03 | Crear | Villager (Male) |
| 8:51 | Crear | Villager (Male) |
| 9:07 | Crear | Villager (Male) |
| 9:16 | Construir | Mill |
| 9:20 | Crear | Villager (Male) |
| 9:39 | Crear | Villager (Male) |
| 10:17 | Construir | House |
| 10:44 | Crear | Villager (Male) |
| 10:50 | Construir | Lumber Camp |
| 11:02 | Crear | Villager (Male) |
| 11:36 | Crear | Villager (Male) |
| 11:41 | Crear | Villager (Male) |
| 11:48 | Construir | House |
| 12:05 | Crear | Villager (Male) |
| 12:39 | Crear | Villager (Male) |
| 13:03 | Crear | Villager (Male) |
| 13:25 | Construir | Mining Camp |
| 13:42 | Crear | Villager (Male) |
| 14:32 | Crear | Villager (Male) |
| 14:38 | Construir | Lumber Camp |
| 14:59 | Crear | Villager (Male) |
| 15:06 | Construir | House |
| 15:19 | Investigar | Feudal Age |
| 15:54 | Crear | Villager (Male) |
| 16:33 | Construir | Barracks |
| 16:59 | Construir | Mining Camp |
| 17:29 | Crear | Militia |
| 17:29 | Crear | Militia |
| 17:33 | Construir | House |
| 17:34 | Edad | Edad Feudal |
| 17:41 | Construir | Watch Tower |
| 17:52 | Crear | Villager (Male) |
| 17:56 | Investigar | Horse Collar |
| 18:00 | Construir | Farm |
| 18:02 | Construir | Farm |
| 18:18 | Construir | Farm |
| 18:19 | Crear | Villager (Male) |
| 18:40 | Crear | Villager (Male) |
| 18:43 | Construir | Farm |
| 19:03 | Construir | Farm |
| 19:05 | Crear | Villager (Male) |
| 19:18 | Crear | Militia |
| 19:35 | Crear | Villager (Male) |
| 19:39 | Construir | Farm |
| 19:45 | Construir | Farm |
| 19:45 | Construir | Farm |
| 19:46 | Construir | Farm |
| 19:53 | Construir | Farm |
| 20:00 | Construir | House |
| 20:05 | Crear | Villager (Male) |
| 20:14 | Construir | Farm |
| 20:16 | Crear | Villager (Male) |
| 20:19 | Construir | Farm |
| 20:32 | Investigar | Double-Bit Axe |
| 20:35 | Crear | Villager (Male) |
| 20:37 | Construir | Farm |
| 21:10 | Crear | Villager (Male) |
| 21:13 | Construir | Farm |
| 21:20 | Construir | House |
| 21:29 | Construir | Blacksmith |
| 21:46 | Crear | Villager (Male) |
| 21:48 | Construir | Farm |
| 21:51 | Construir | Farm |
| 22:01 | Construir | Market |
| 22:06 | Crear | Villager (Male) |
| 22:51 | Construir | Palisade Wall |
| 22:55 | Crear | Villager (Male) |
| 22:58 | Construir | Farm |
| 23:07 | Construir | Farm |
| 23:09 | Construir | Farm |
| 23:19 | Investigar | Castle Age |
| 23:19 | Investigar | Castle Age |
| 23:19 | Investigar | Castle Age |
| 23:44 | Investigar | Man-at-Arms (upgrade) |
| 23:53 | Crear | Villager (Male) |
| 24:23 | Construir | Palisade Gate |
| 24:36 | Investigar | Stone Mining |
| 25:07 | Crear | Villager (Male) |
| 25:32 | Construir | Barracks |
| 25:39 | Construir | House |
| 25:39 | Construir | House |
| 25:39 | Construir | House |
| 25:40 | Construir | House |
| 25:44 | Crear | Villager (Male) |
| 26:00 | Edad | Edad de los Castillos |
| 26:06 | Investigar | Heavy Plow |
| 26:21 | Crear | Villager (Male) |
| 26:27 | Investigar | Scale Mail Armor |
| 26:41 | Construir | Castle |
| 27:12 | Construir | Town Center |
| 27:14 | Crear | Villager (Male) |
| 27:29 | Crear | Villager (Male) |
| 27:30 | Crear | Villager (Male) |
| 27:39 | Investigar | Bow Saw |
| 27:45 | Investigar | Fletching |
| 28:39 | Crear | Villager (Male) |
| 28:48 | Investigar | Bodkin Arrow |
| 29:05 | Construir | Siege Workshop |
| 29:26 | Construir | Monastery |
| 29:35 | Crear | Villager (Male) |
| 29:37 | Crear | Villager (Male) |
| 29:48 | Construir | Town Center |
| 29:50 | Crear | Battering Ram |
| 29:57 | Crear | Villager (Male) |
| 29:57 | Crear | Villager (Male) |
| 29:57 | Crear | Villager (Male) |
| 30:03 | Crear | Villager (Male) |
| 30:11 | Construir | House |
| 30:16 | Crear | Monk |
| 31:24 | Investigar | Anarchy |
| 31:25 | Crear | Villager (Male) |
| 31:26 | Crear | Villager (Male) |
| 31:26 | Crear | Villager (Male) |
| 31:28 | Crear | Villager (Male) |
| 31:28 | Crear | Villager (Male) |
| 31:29 | Crear | Villager (Male) |
| 31:38 | Construir | Mill |
| 31:55 | Crear | Villager (Male) |
| 31:59 | Construir | Farm |
| 32:00 | Construir | Farm |
| 32:00 | Construir | Farm |
| 32:00 | Construir | Farm |
| 32:01 | Construir | Farm |
| 32:05 | Crear | Villager (Male) |
| 32:05 | Crear | Villager (Male) |
| 32:05 | Crear | Villager (Male) |
| 32:28 | Crear | Huskarl ×5 |
| 32:28 | Crear | Huskarl ×5 |
Build order — guilleaj
Primeras 150 de 272 acciones detectadas
| 0:12 | Investigar | Loom |
| 0:13 | Crear | Villager (Male) ×4 |
| 1:10 | Construir | Palisade Wall |
| 1:24 | Construir | Palisade Gate |
| 1:54 | Construir | Palisade Wall |
| 1:57 | Construir | Palisade Wall |
| 2:45 | Construir | Palisade Wall |
| 2:51 | Construir | Palisade Wall |
| 2:55 | Crear | Villager (Male) |
| 3:52 | Crear | Villager (Male) |
| 3:52 | Crear | Villager (Male) |
| 4:58 | Crear | Villager (Male) |
| 4:58 | Crear | Villager (Male) |
| 5:20 | Construir | Palisade Wall |
| 5:27 | Construir | Palisade Gate |
| 5:38 | Crear | Villager (Male) |
| 5:38 | Crear | Villager (Male) |
| 6:52 | Construir | Outpost |
| 7:11 | Construir | Mill |
| 7:14 | Crear | Villager (Male) ×5 |
| 7:30 | Construir | Palisade Wall |
| 8:40 | Crear | Villager (Male) |
| 9:18 | Crear | Villager (Male) |
| 9:34 | Crear | Villager (Male) |
| 9:53 | Construir | Mining Camp |
| 10:34 | Construir | Barracks |
| 10:40 | Crear | Villager (Male) |
| 10:40 | Crear | Villager (Male) |
| 11:29 | Investigar | Feudal Age |
| 12:08 | Construir | Lumber Camp |
| 12:30 | Construir | Outpost |
| 12:34 | Crear | Militia |
| 12:36 | Crear | Militia |
| 12:46 | Crear | Villager (Male) |
| 12:46 | Crear | Villager (Male) |
| 13:21 | Construir | Mill |
| 13:40 | Edad | Edad Feudal |
| 13:45 | Investigar | Man-at-Arms (upgrade) |
| 13:51 | Construir | Stone Wall |
| 13:58 | Construir | Gate |
| 16:18 | Construir | Archery Range |
| 16:22 | Investigar | Arson |
| 16:30 | Crear | Villager (Male) ×3 |
| 16:39 | Construir | Market |
| 16:45 | Construir | Dock |
| 17:01 | Construir | Farm |
| 17:14 | Construir | Farm |
| 17:26 | Crear | Militia |
| 17:36 | Crear | Archer |
| 17:36 | Crear | Archer |
| 17:50 | Crear | Villager (Male) |
| 17:50 | Crear | Villager (Male) |
| 18:02 | Construir | Farm |
| 18:24 | Crear | Villager (Male) |
| 18:27 | Investigar | Town Watch |
| 18:47 | Construir | Watch Tower |
| 18:54 | Crear | Archer |
| 19:00 | Investigar | Wheelbarrow |
| 19:25 | Construir | Farm |
| 19:25 | Construir | Farm |
| 19:41 | Construir | Farm |
| 19:42 | Construir | Farm |
| 19:42 | Construir | Farm |
| 19:42 | Construir | Farm |
| 19:43 | Construir | Farm |
| 19:46 | Crear | Villager (Male) |
| 19:47 | Crear | Villager (Male) |
| 20:10 | Construir | Mining Camp |
| 20:39 | Construir | Stone Wall |
| 20:55 | Crear | Archer |
| 20:55 | Crear | Archer |
| 21:26 | Crear | Villager (Male) |
| 21:26 | Crear | Villager (Male) |
| 21:33 | Construir | Farm |
| 21:33 | Construir | Farm |
| 21:34 | Construir | Farm |
| 21:36 | Construir | Farm |
| 21:36 | Construir | Farm |
| 21:37 | Construir | Farm |
| 21:45 | Crear | Fishing Ship |
| 22:04 | Crear | Fishing Ship |
| 22:33 | Crear | Archer ×5 |
| 23:07 | Crear | Villager (Male) |
| 23:07 | Crear | Villager (Male) |
| 23:07 | Crear | Villager (Male) |
| 23:11 | Crear | Fishing Ship |
| 23:20 | Construir | Stable |
| 23:33 | Construir | Stone Wall |
| 23:39 | Construir | Gate |
| 23:42 | Crear | Villager (Male) |
| 23:42 | Crear | Villager (Male) |
| 24:03 | Crear | Militia ×5 |
| 24:12 | Investigar | Tech 906 |
| 24:14 | Crear | Fishing Ship |
| 24:14 | Crear | Fishing Ship |
| 24:38 | Construir | Blacksmith |
| 24:45 | Investigar | Bloodlines |
| 24:54 | Crear | Villager (Male) |
| 24:54 | Crear | Villager (Male) |
| 25:08 | Construir | Farm |
| 25:08 | Construir | Farm |
| 25:36 | Investigar | Horse Collar |
| 25:43 | Crear | Villager (Male) |
| 26:02 | Crear | Militia |
| 26:02 | Crear | Militia |
| 26:35 | Crear | Villager (Male) |
| 26:35 | Crear | Villager (Male) |
| 26:36 | Crear | Villager (Male) |
| 26:46 | Construir | Farm |
| 26:50 | Construir | Mill |
| 26:53 | Construir | Farm |
| 26:54 | Construir | Farm |
| 26:54 | Construir | Farm |
| 26:54 | Construir | Farm |
| 26:57 | Crear | Villager (Male) |
| 26:58 | Crear | Villager (Male) |
| 27:09 | Construir | Outpost |
| 27:10 | Construir | Outpost |
| 28:18 | Investigar | Castle Age |
| 28:30 | Construir | Fish Trap |
| 28:31 | Construir | Fish Trap |
| 28:32 | Construir | Fish Trap |
| 28:34 | Construir | Fish Trap |
| 28:35 | Construir | Fish Trap |
| 28:56 | Crear | Archer ×5 |
| 29:10 | Construir | Farm |
| 29:30 | Construir | Stone Wall |
| 29:37 | Construir | Gate |
| 29:51 | Construir | Stable |
| 30:00 | Construir | Stone Wall |
| 30:08 | Construir | Gate |
| 30:49 | Construir | Fish Trap |
| 31:13 | Investigar | Gold Mining |
| 31:20 | Edad | Edad de los Castillos |
| 31:26 | Investigar | Husbandry |
| 31:28 | Investigar | Light Cavalry (upgrade) |
| 31:35 | Crear | Villager (Male) ×5 |
| 32:12 | Crear | Knight ×5 |
| 32:19 | Construir | Stable |
| 32:24 | Investigar | Long Swordsman (upgrade) |
| 32:28 | Investigar | Crossbowman (upgrade) |
| 32:43 | Crear | Knight ×5 |
| 32:54 | Construir | Stable |
| 33:11 | Investigar | Double-Bit Axe |
| 33:14 | Investigar | Forging |
| 33:15 | Investigar | Scale Barding Armor |
| 33:46 | Crear | Villager (Male) ×5 |
| 34:05 | Construir | Town Center |
| 34:31 | Crear | Knight ×5 |
| 35:00 | Construir | Stable |
Build order — Luis
Primeras 150 de 220 acciones detectadas
| 0:15 | Investigar | Loom |
| 0:15 | Crear | Villager (Male) |
| 0:16 | Crear | Villager (Male) |
| 0:16 | Crear | Villager (Male) |
| 0:16 | Crear | Villager (Male) |
| 0:16 | Crear | Villager (Male) |
| 1:00 | Construir | Palisade Wall |
| 2:41 | Construir | House |
| 3:04 | Construir | House |
| 3:42 | Construir | Mining Camp |
| 3:51 | Crear | Villager (Male) |
| 3:51 | Crear | Villager (Male) |
| 4:52 | Crear | Villager (Male) |
| 5:22 | Construir | Palisade Wall |
| 5:42 | Construir | House |
| 6:19 | Crear | Villager (Male) |
| 6:20 | Crear | Villager (Male) |
| 6:55 | Construir | Farm |
| 6:56 | Construir | Farm |
| 8:01 | Construir | Palisade Wall |
| 8:15 | Crear | Villager (Male) |
| 8:15 | Crear | Villager (Male) |
| 8:15 | Crear | Villager (Male) |
| 9:05 | Crear | Villager (Male) |
| 9:48 | Crear | Villager (Male) |
| 9:49 | Crear | Villager (Male) |
| 9:59 | Construir | Farm |
| 10:33 | Crear | Villager (Male) |
| 10:34 | Crear | Villager (Male) |
| 11:05 | Crear | Villager (Male) |
| 11:39 | Construir | Palisade Wall |
| 11:58 | Crear | Villager (Male) |
| 11:58 | Crear | Villager (Male) |
| 12:25 | Crear | Villager (Male) |
| 12:44 | Crear | Villager (Male) |
| 12:44 | Crear | Villager (Male) |
| 12:52 | Construir | Mill |
| 13:26 | Construir | Lumber Camp |
| 13:41 | Crear | Villager (Male) |
| 13:42 | Crear | Villager (Male) |
| 13:42 | Crear | Villager (Male) |
| 14:03 | Crear | Villager (Male) |
| 16:50 | Investigar | Feudal Age |
| 17:15 | Crear | Villager (Male) |
| 18:20 | Construir | Palisade Wall |
| 18:34 | Crear | Villager (Male) |
| 18:35 | Crear | Villager (Male) |
| 18:35 | Crear | Villager (Male) |
| 19:00 | Edad | Edad Feudal |
| 19:08 | Construir | Watch Tower |
| 19:25 | Crear | Villager (Male) |
| 19:25 | Crear | Villager (Male) |
| 19:25 | Crear | Villager (Male) |
| 19:26 | Crear | Villager (Male) |
| 19:31 | Construir | House |
| 19:50 | Construir | Stone Wall |
| 20:13 | Crear | Villager (Male) |
| 20:47 | Construir | House |
| 21:17 | Crear | Villager (Male) |
| 21:17 | Crear | Villager (Male) |
| 21:17 | Crear | Villager (Male) |
| 21:45 | Construir | Mining Camp |
| 22:01 | Crear | Villager (Male) |
| 22:14 | Construir | Farm |
| 22:15 | Construir | Farm |
| 22:16 | Construir | Farm |
| 22:43 | Construir | House |
| 22:46 | Construir | House |
| 23:46 | Crear | Villager (Male) |
| 23:55 | Construir | Farm |
| 23:57 | Construir | Farm |
| 24:08 | Construir | Farm |
| 24:10 | Construir | Farm |
| 24:11 | Construir | Farm |
| 24:12 | Construir | Farm |
| 24:14 | Construir | Farm |
| 24:14 | Construir | Farm |
| 24:44 | Construir | Farm |
| 25:16 | Crear | Villager (Male) |
| 25:17 | Crear | Villager (Male) |
| 25:27 | Construir | House |
| 25:28 | Construir | Farm |
| 25:53 | Investigar | Castle Age |
| 26:02 | Investigar | Gold Mining |
| 26:21 | Construir | Stone Wall |
| 26:37 | Construir | Mining Camp |
| 27:17 | Investigar | Town Watch |
| 27:35 | Construir | Stone Wall |
| 27:58 | Crear | Villager (Male) |
| 27:59 | Crear | Villager (Male) |
| 27:59 | Crear | Villager (Male) |
| 28:33 | Edad | Edad de los Castillos |
| 28:48 | Crear | Villager (Male) |
| 28:48 | Crear | Villager (Male) |
| 28:49 | Crear | Villager (Male) |
| 29:07 | Construir | Market |
| 29:28 | Crear | Villager (Male) |
| 29:28 | Crear | Villager (Male) |
| 29:29 | Crear | Villager (Male) |
| 29:29 | Crear | Villager (Male) |
| 29:41 | Construir | House |
| 29:42 | Construir | House |
| 29:43 | Construir | House |
| 29:45 | Construir | House |
| 29:46 | Construir | House |
| 29:48 | Construir | House |
| 29:50 | Construir | House |
| 30:52 | Investigar | Horse Collar |
| 31:20 | Investigar | Stone Mining |
| 31:42 | Construir | Castle |
| 32:12 | Construir | Stone Wall |
| 32:17 | Construir | Stone Wall |
| 32:21 | Construir | Stone Wall |
| 32:24 | Construir | Stone Wall |
| 32:26 | Construir | Stone Wall |
| 32:27 | Construir | Stone Wall |
| 32:28 | Construir | Stone Wall |
| 32:51 | Construir | Stone Wall |
| 33:10 | Construir | Mining Camp |
| 33:18 | Crear | Ballista Elephant |
| 33:18 | Crear | Ballista Elephant |
| 33:32 | Construir | Siege Workshop |
| 33:57 | Crear | Villager (Male) |
| 33:58 | Crear | Villager (Male) |
| 33:58 | Crear | Villager (Male) |
| 33:58 | Crear | Villager (Male) |
| 33:59 | Crear | Villager (Male) |
| 33:59 | Crear | Villager (Male) |
| 33:59 | Crear | Villager (Male) |
| 33:59 | Crear | Villager (Male) |
| 34:31 | Investigar | Gold Shaft Mining |
| 35:41 | Crear | Mangonel |
| 36:24 | Crear | Mangonel |
| 36:50 | Construir | University |
| 37:53 | Construir | Gate |
| 38:06 | Crear | Villager (Male) |
| 38:06 | Crear | Villager (Male) |
| 38:06 | Crear | Villager (Male) |
| 38:06 | Crear | Villager (Male) |
| 38:07 | Crear | Villager (Male) |
| 38:07 | Crear | Villager (Male) |
| 38:07 | Crear | Villager (Male) |
| 38:08 | Crear | Villager (Male) |
| 38:14 | Crear | Ballista Elephant |
| 38:14 | Crear | Ballista Elephant |
| 38:14 | Crear | Ballista Elephant |
| 38:15 | Crear | Ballista Elephant |
| 38:15 | Crear | Ballista Elephant |
| 38:15 | Crear | Ballista Elephant |
| 38:24 | Investigar | Murder Holes |
Cronología de la partida
| 0:47 | <Jericho 941> · wall_segment Palisade Wall x7 |
| 0:50 | rolca · wall_segment Palisade Wall x12 |
| 1:00 | Luis · wall_segment Palisade Wall x11 |
| 1:10 | guilleaj · wall_segment Palisade Wall x10 |
| 1:54 | guilleaj · wall_segment Palisade Wall x4 |
| 1:57 | guilleaj · wall_segment Palisade Wall x4 |
| 2:01 | <Jericho 941> · wall_segment Palisade Wall x2 |
| 2:45 | guilleaj · wall_segment Palisade Wall x4 |
| 2:51 | guilleaj · wall_segment Palisade Wall x1 |
| 4:12 | <Jericho 941> · wall_segment Palisade Wall x12 |
| 5:20 | guilleaj · wall_segment Palisade Wall x14 |
| 5:22 | Luis · wall_segment Palisade Wall x13 |
| 5:45 | <Jericho 941> · wall_segment Palisade Wall x7 |
| 6:26 | <Jericho 941> · first_building Barracks |
| 7:30 | guilleaj · wall_segment Palisade Wall x7 |
| 8:01 | Luis · wall_segment Palisade Wall x9 |
| 10:34 | guilleaj · first_building Barracks |
| 11:39 | Luis · wall_segment Palisade Wall x3 |
| 13:40 | guilleaj · age_up feudal |
| 13:51 | guilleaj · wall_segment Stone Wall x17 |
| 14:10 | <Jericho 941> · age_up feudal |
| 14:35 | <Jericho 941> · wall_segment Stone Wall x8 |
| 15:42 | <Jericho 941> · wall_segment Stone Wall x9 |
| 16:18 | guilleaj · first_building Archery Range |
| 16:33 | rolca · first_building Barracks |
| 16:44 | <Jericho 941> · tribute_sent a jugador 1 |
| 16:44 | <Jericho 941> · tribute_sent a jugador 3 |
| 16:44 | <Jericho 941> · tribute_sent a jugador 4 |
| 16:45 | guilleaj · first_building Dock |
| 17:34 | rolca · age_up feudal |
| 18:20 | Luis · wall_segment Palisade Wall x9 |
| 19:00 | Luis · age_up feudal |
| 19:50 | Luis · wall_segment Stone Wall x15 |
| 20:39 | guilleaj · wall_segment Stone Wall x12 |
| 21:01 | <Jericho 941> · first_building Archery Range |
| 21:52 | <Jericho 941> · first_market_buy 100 food |
| 21:55 | <Jericho 941> · first_market_sell 100 wood |
| 22:51 | rolca · wall_segment Palisade Wall x11 |
| 23:20 | guilleaj · first_building Stable |
| 23:33 | guilleaj · wall_segment Stone Wall x13 |
| 24:47 | <Jericho 941> · age_up castle |
| 26:00 | rolca · age_up castle |
| 26:21 | Luis · wall_segment Stone Wall x10 |
| 26:41 | rolca · first_building Castle |
| 26:44 | <Jericho 941> · first_building Castle |
| 27:35 | Luis · wall_segment Stone Wall x12 |
| 28:33 | Luis · age_up castle |
| 29:05 | rolca · first_building Siege Workshop |
| 29:26 | rolca · first_building Monastery |
| 29:30 | guilleaj · wall_segment Stone Wall x16 |
| 30:00 | guilleaj · wall_segment Stone Wall x15 |
| 31:20 | guilleaj · age_up castle |
| 31:36 | <Jericho 941> · first_building Siege Workshop |
| 31:42 | Luis · first_building Castle |
| 32:12 | Luis · wall_segment Stone Wall x8 |
| 32:17 | Luis · wall_segment Stone Wall x1 |
| 32:21 | Luis · wall_segment Stone Wall x1 |
| 32:24 | Luis · wall_segment Stone Wall x1 |
| 32:26 | Luis · wall_segment Stone Wall x1 |
| 32:27 | Luis · wall_segment Stone Wall x1 |
| 32:28 | Luis · wall_segment Stone Wall x1 |
| 32:51 | Luis · wall_segment Stone Wall x3 |
| 33:12 | <Jericho 941> · first_building Monastery |
| 33:32 | Luis · first_building Siege Workshop |
| 35:13 | guilleaj · first_building Castle |
| 35:39 | <Jericho 941> · first_building Stable |
| 37:08 | guilleaj · first_market_buy 100 stone |
| 39:57 | <Jericho 941> · resign |
| 45:14 | guilleaj · first_building Monastery |
| 46:18 | rolca · age_up imperial |
| 47:24 | Luis · first_market_buy 100 stone |
| 48:32 | guilleaj · age_up imperial |
[ ANÁLISIS IA · 1 CRÉDITO ]
¿Qué pasó realmente en esta partida?
Wolo.gg analiza cada decisión: build order, eco, micro, errores típicos por bracket. Análisis personalizado por WhatsApp o Discord en 30 segundos.
Guía civ
Españoles
Perfil
Jugador #516622